 Dungeon Crawl Stone Soup version 0.30-a0-629-gd54f4be4f7 (webtiles) character file.

Game seed: 11784430570701845342

257 Zonian the Sneak (level 6, -1/32 HPs)
             Began as a Vine Stalker Brigand on Jan 13, 2023.
             Slain by an orc warrior
             ... wielding a +0 flail
              (5 damage)
             ... on level 3 of the Dungeon.
             The game lasted 00:09:21 (3412 turns).

Zonian the Sneak (Vine Stalker Brigand)             Turns: 3412, Time: 00:09:22

Health: -1/32      AC:  7    Str: 14    XL:     6   Next: 16%
Magic:  0/16       EV: 12    Int: 11    God:
Gold:   118        SH:  4    Dex: 17    Spells: 5/5 levels left

rFire   . . .      SeeInvis .    y - +1 whip (drain)
rCold   . . .      Faith    .    h - +0 buckler
rNeg    . . .      Spirit   +    C - +0 robe {Will+}
rPois   .          Reflect  .    z - +0 helmet
rElec   .          Harm     .    c - +0 cloak
rCorr   .          Rampage  .    F - +2 pair of gloves
Will    ++...                    (no boots)
Stlth   +++                      (no amulet)
HPRegen 1.05/turn                f - ring of magical power
MPRegen 0.15/turn                A - ring of willpower

@: no status effects
A: fangs 2, regeneration 1, magic shield, antimagic bite, no potion heal 2
a: no special abilities


You were on level 3 of the Dungeon.
You visited 1 branch of the dungeon, and saw 4 of its levels.

You collected 206 gold pieces.
You spent 88 gold pieces at shops.

Inventory:

Hand Weapons
 a - a +2 vampiric dagger
 o - a +0 dagger
 y - a +1 whip of draining (weapon)
Missiles
 d - 14 poisoned darts (quivered)
 e - a curare-tipped dart
 g - 3 atropa-tipped darts
 i - 6 javelins
Armour
 b - a +0 robe
 c - a +0 cloak (worn)
 h - a +0 buckler (worn)
 z - a +0 helmet (worn)
 C - a +0 robe of willpower (worn)
 F - a +2 pair of gloves (worn)
Jewellery
 f - a ring of magical power (left hand)
 A - a ring of willpower (right hand)
 D - a ring of wizardry
Wands
 v - a wand of charming (5)
 H - a wand of digging (3)
Scrolls
 l - a scroll of fog
 m - 2 scrolls of magic mapping
 r - a scroll of noise
 t - a scroll of enchant armour {unknown}
 u - 2 scrolls of amnesia
 w - a scroll of poison {unknown}
 x - a scroll of identify {unknown}
 E - a scroll of teleportation {unknown}
Potions
 k - a potion of ambrosia {unknown}
 n - a potion of invisibility {unknown}
 p - a potion of degeneration {unknown}
 q - 3 potions of cancellation {unknown}
 s - a potion of lignification {unknown}
 B - a potion of attraction {unknown}
 G - a potion of heal wounds {unknown}
 I - a potion of might {unknown}


   Skills:
 + Level 3.2 Fighting
 - Level 2.8 Short Blades
 + Level 0.0 Maces & Flails
 - Level 2.1 Throwing
 + Level 2.4 Dodging
 + Level 6.3 Stealth


You had 5 spell levels left.
You didn't know any spells.
Your spell library contained the following spells:

 Spells                   Type           Power      Damage    Failure   Level
 Sandblast                Erth           0%         2d4       43%         1
 Ensorcelled Hibernation  Hex/Ice        0%         N/A       58%         2
 Passwall                 Tmut/Erth      0%         N/A       58%         2
 Scorch                   Fire           0%         2d5       58%         2
 Stone Arrow              Conj/Erth      0%         3d7       82%         3
 Swiftness                Air            0%         N/A       82%         3
 Flame Wave               Conj/Fire      0%         2d4       99%         4
 Summon Cactus Giant      Summ           0%         N/A       100%        6


Dungeon Overview and Level Annotations

Branches:
Dungeon (4/15)
 Temple: D:4-7

Altars:
Xom

Shops:
D:1 [([?!

Annotations:
D:4 Pikel


Innate Abilities, Weirdness & Mutations

You have extremely sharp teeth.
Your natural rate of healing is unusually fast.
When hurt, damage is shared between your health and your magic reserves.
Your bite disrupts and absorbs the magic of your enemies.
Potions cannot restore your health.


Message History

The orc warrior hits you with a +0 flail!
The orc warrior completely misses you.
You hit the orc warrior.
The orc warrior is moderately wounded.
You block the orc warrior's attack.
You barely miss the orc warrior.
The orc warrior is moderately wounded.
The orc warrior misses you.
You closely miss the orc warrior.
You bite the orc warrior, but do no damage.
The orc warrior is moderately wounded.
The orc warrior hits you with a +0 flail!
Throw: 2 darts (curare)
Press: ? - help, Shift-Dir - straight line, f - orc warrior
Aim: an orc warrior, wielding a +0 flail and wearing a +0 chain mail (moderately wounded, 58% to hit)
You throw a curare-tipped dart.
The curare-tipped dart hits the orc warrior.
The orc warrior is poisoned.
The orc warrior convulses.
The orc warrior seems to slow down.
The orc warrior is heavily wounded.
The orc warrior hits you with a +0 flail!
* * * LOW HITPOINT WARNING * * *
Unknown command.
You hit the orc warrior but do no damage.
Your bite misses the orc warrior.
The orc warrior is severely wounded.
Okay, then.
You barely miss the orc warrior.
The orc warrior is severely wounded.
The orc warrior barely misses you.
You hit the orc warrior but do no damage.
You drain the orc warrior.
The orc warrior is severely wounded.
The orc warrior hits you with a +0 flail!
* * * LOW HITPOINT WARNING * * *
You barely miss the orc warrior. You bite the orc warrior. You drain its power.
You feel invigorated.
The orc warrior is almost dead.
The orc warrior hits you with a +0 flail!
You die...

#.## #.# ##..#### #.### #..# #.#
#......# #.#.. ##.# #.# #.####.##
#...# # #.# #.# #.# #..# ##..#
####.# #.###.# ##.## ##รท#
.....#####.##..# #..# #..
.###.....#.##.## ##.## ####..
..##..##......#### #..#####.....
...##...##.#....@#####....#....>.
...####.##.#.###o..# ####.#.#....
...# #.##)..# ###.# #...#....
...####.##.### #.## ###.####.
...##......# #..# #.......
..###.#.##.# ####.# ###...###.
..###.#.##.# #....# #...#..##.
...##.#.##.#####.#### ##.#.##..#.
..<...#.##..##...# ###....###.#.


You could see an orc warrior (poisoned, slow, drained).

Vanquished Creatures
  A lemure (D:4)
  A scorpion (D:4)
  Terence (D:2)
  Natasha (twice) (D:3)
  Robin (D:2)
  4 adders
  3 worms
  3 dart slugs
  2 ball pythons
  2 bats
  4 endoplasms
  A giant cockroach (D:3)
  9 goblins
  9 hobgoblins
  3 jackals (D:3)
  2 quokkas
  A frilled lizard (D:3)
  6 kobolds
  3 rats
58 creatures vanquished.

Notes
Turn   | Place    | Note
-------+----------+-------------------------------------------
     0 | D:1      | Zonian the Vine Stalker Brigand began the quest for the
                  | Orb.
     0 | D:1      | Reached XP level 1. HP: 11/11 MP: 2/2
   432 | D:1      | Found Iraok's Distillery.
   479 | D:1      | Found Alupp's Magic Scroll Boutique.
   484 | D:1      | Bought a scroll of fog for 44 gold pieces
   484 | D:1      | Bought a scroll of fear for 44 gold pieces
   627 | D:1      | Found Jeih's Armour Emporium.
   738 | D:1      | Found Desenaco's Antique Weapon Boutique.
   788 | D:1      | Found Unwox's Armour Shoppe.
   885 | D:1      | Found a faded altar of an unknown god.
  1205 | D:2      | Reached skill level 1 in Dodging
  1205 | D:2      | Reached XP level 2. HP: 15/15 MP: 3/3
  1253 | D:2      | Reached skill level 5 in Stealth
  1330 | D:2      | Noticed Robin
  1468 | D:2      | Reached XP level 3. HP: 17/18 MP: 4/4
  1502 | D:2      | Noticed Terence
  1559 | D:2      | Found a shimmering altar of Xom.
  1758 | D:2      | Gained mutation: Your natural rate of healing is unusually
                  | fast. [Vine Stalker growth]
  1758 | D:2      | Reached XP level 4. HP: 21/23 MP: 5/5
  1831 | D:2      | Killed Robin
  2104 | D:2      | Killed Terence
  2497 | D:3      | Reached XP level 5. HP: 27/27 MP: 6/6
  2706 | D:3      | Noticed Natasha
  2720 | D:3      | Killed Natasha
  2969 | D:4      | Reached skill level 6 in Stealth
  2969 | D:4      | Reached XP level 6. HP: 17/32 MP: 7/7
  3124 | D:4      | Noticed Pikel
  3201 | D:3      | Noticed Natasha
  3210 | D:3      | Killed Natasha
  3394 | D:4      | Noticed an orc warrior
  3412 | D:3      | Slain by an orc warrior

Illustrated notes

Levels and vault maps discovered:
D:1:      dpeg_arrival_brainrot, layout_loops_corners,
          hellmonk_ecumenical_altar_heavens_door, serial_shops, shop, shop,
          shop, shop_coins, nicolae_shop_hallway_stairs, serial_glass,
          glass_columns_b, glass_columns_a, glass_columns_c, glass_columns_b,
          glass_columns_c, glass_columns_c, glass_columns_a, glass_columns_b,
          item_on_display_a, due_unseen_surprise, minmay_strange_pillars
D:2:      layout_rooms, basic_altar, uniq_terence, uniq_robin
D:3:      layout_rooms, uniq_natasha
D:4:      minmay_door_path, layout_rooms, serial_shops, kennysheep_mini_moat,
          chequers_serial_rivers_small_a, uniq_pikel

Skill      XL: |  1  2  3  4  5 |
---------------+----------------+-----
Dodging        | 1 2 |  2.4
Stealth        | 5 6 |  6.3
Fighting       | 2 3 |  3.2
Short Blades   | 2 |  2.8
Throwing       | 2 |  2.1

Action                   |  1- 3 |  4- 6 || total
-------------------------+-------+-------++-------
Melee: Dagger            |    71 |    56 ||   127
       Bite              |    14 |    36 ||    50
       Whip              |       |    83 ||    83
Throw: Dart              |       |    20 ||    20
  Use: Scroll            |     1 |     6 ||     7
 Stab: Sleeping          |     5 |     2 ||     7
Armor: Robe              |    13 |    17 ||    30
Dodge: Dodged            |    39 |    64 ||   103
Block: Buckler           |    11 |    22 ||    33

Table legend: (Time is in decaauts)
 A = Elapsed time spent in this place.
 B = Non-inter-level travel time spent in this place.
 C = Inter-level travel time spent in this place.
 D = Time resting spent in this place.
 E = Time spent auto-exploring this place.
 F = Levels seen in this place.
 G = Mean time per level.
                   A        B        C        D        E       F      G
               +--------+--------+--------+--------+--------+-----+--------+
         Total |   3412 |   3343 |     69 |    615 |   1715 |   4 |  853.0 |
       Dungeon |   3412 |   3343 |     69 |    615 |   1715 |   4 |  853.0 |
               +--------+--------+--------+--------+--------+-----+--------+

Top non-repeatable levels by time:
     D:2: 1219 daAuts
     D:1: 1144 daAuts
     D:3: 791 daAuts
     D:4: 257 daAuts
